 Dungeon Crawl Stone Soup version 0.21.0-37-g46506fa (webtiles) character file.

46 JustSomeDude the Charmwright (level 3, 0/31 HPs)
             Began as a Gnoll Skald on Feb 1, 2018.
             Slain by a gnoll
             ... wielding a +2 spear of piercing
              (8 damage)
             ... on level 2 of the Dungeon.
             The game lasted 00:01:46 (1083 turns).

JustSomeDude the Charmwright (Gnoll Skald)          Turns: 1083, Time: 00:01:47

Health: 0/31       AC:  5    Str: 14    XL:     3   Next: 66%
Magic:  5/9        EV: 14    Int: 20    God:
Gold:   52         SH:  0    Dex: 14    Spells: 11/12 levels left

rFire    . . .     SeeInvis .   a - +0 falchion
rCold    . . .     Gourm    .   (no shield)
rNeg     . . .     Faith    .   i - +1 leather armour {rPois}
rPois    +         Spirit   .   (no helmet)
rElec    .         Reflect  .   (no cloak)
rCorr    .         Harm     .   h - +0 pair of gloves (curse)
MR       .....                  (no boots)
Stlth    +.........             (no amulet)
HPRegen  0.10/turn              (no ring)
MPRegen  0.11/turn              (no ring)

@: brilliant, infused
A: distributed training, fangs 1, strong nose
a: no special abilities


You were on level 2 of the Dungeon.
You were hungry.

You visited 1 branch of the dungeon, and saw 2 of its levels.

You collected 52 gold pieces.

Inventory:

Hand Weapons
 a - a +0 falchion (weapon)
Armour
 h - a cursed +0 pair of gloves (worn)
 i - a +1 leather armour of poison resistance (worn)
Jewellery
 g - an uncursed ring of see invisible {unknown}
Scrolls
 b - 2 scrolls of remove curse {unknown}
 e - a scroll of teleportation {unknown}
 j - a scroll of identify {unknown}
 k - a scroll of magic mapping {unknown}
 l - a scroll of amnesia {unknown}
Books
 c - a book of Battle

   Spells                             Type                      Level
   a - Infusion                       Charms                       1
   b - Shroud of Golubria             Charms/Translocation         2
   c - Song of Slaying                Charms                       2
   d - Spectral Weapon                Hexes/Charms                 3
   e - Regeneration                   Charms/Necromancy            3
Comestibles
 d - 3 rations


   Skills:
 + Level 4.5 Fighting
 + Level 0.9 Short Blades
 + Level 4.5 Long Blades
 + Level 0.9 Axes
 + Level 0.9 Maces & Flails
 + Level 0.9 Polearms
 + Level 0.9 Staves
 + Level 0.9 Slings
 + Level 0.9 Bows
 + Level 0.9 Crossbows
 + Level 0.9 Throwing
 + Level 2.6 Armour
 + Level 4.5 Dodging
 + Level 0.9 Stealth
 + Level 0.9 Shields
 + Level 0.9 Unarmed Combat
 + Level 5.0 Spellcasting
 + Level 0.6 Conjurations
 + Level 0.6 Hexes
 + Level 5.4 Charms
 + Level 0.6 Summonings
 + Level 0.6 Necromancy
 + Level 0.6 Translocations
 + Level 0.6 Transmutations
 + Level 0.6 Fire Magic
 + Level 0.6 Ice Magic
 + Level 0.6 Air Magic
 + Level 0.6 Earth Magic
 + Level 0.6 Poison Magic
 + Level 1.0 Invocations
 + Level 0.9 Evocations


You had 11 spell levels left.
You knew the following spells:

 Your Spells              Type           Power        Failure   Level  Hunger
a - Infusion              Chrm           ####         1%          1    None


Dungeon Overview and Level Annotations

Branches:
Dungeon (2/15)

Altars:


Innate Abilities, Weirdness & Mutations

Your experience applies equally to all skills.
You have very sharp teeth.
Your uncanny sense of smell can sniff out nearby items.


Message History

The gnoll closely misses you.
You hit the gnoll!
You kill the gnoll!
The gnoll misses you.
Things that are here:
a halberd; a gnoll corpse
Found a stone staircase leading up.
The gnoll barely misses you.
A dart slug comes into view.
Things that are here:
a halberd; a gnoll corpse The gnoll barely misses you.
You riposte.
You hit the gnoll!
The gnoll is severely wounded.
The gnoll hits you from afar with a spear of piercing.
* * * LOW HITPOINT WARNING * * *
x2 You hit the gnoll.
You kill the gnoll!
Your Invocations skill increases to level 1!
The gnoll hits you from afar with a spear of piercing!
You die...

.........#####. .
#####...........w..
#..............
#######.............
#...>.......S.......
#.##.##........###.#
#.##.##........# #.# .#
#.##.###......####.#####(#
#.##...+......g)@)........
#.######......####........
#.# #......####........
#.# #........g.........
#.# #........g...##....
#.# #............# ....
#.# #######......# ... #.#
#.$....# <. #.# #......#


You could see a gnoll.

Vanquished Creatures
  2 gnolls (D:2)
  A dart slug (D:1)
  A giant cockroach (D:1)
  4 goblins (D:1)
  6 hobgoblins
  7 bats
  3 kobolds
  A rat (D:2)
25 creatures vanquished.

Notes
Turn   | Place    | Note
-------+----------+-------------------------------------------
     0 | D:1      | JustSomeDude the Gnoll Skald began the quest for the Orb.
     0 | D:1      | Reached XP level 1. HP: 20/20 MP: 6/6
    87 | D:1      | Reached XP level 2. HP: 26/26 MP: 7/7
   919 | D:2      | Reached XP level 3. HP: 30/31 MP: 9/9
  1045 | D:2      | Reached skill level 5 in Spellcasting
  1083 | D:2      | Reached skill level 1 in Invocations
  1083 | D:2      | Slain by a gnoll

Skill      XL: |  1  2  3 |
---------------+----------+-----
Spellcasting   | 5 |  5.0
Invocations    | 1 |  1.0
Fighting       | |  4.5
Short Blades   | |  0.9
Long Blades    | |  4.5
Axes           | |  0.9
Maces & Flails | |  0.9
Polearms       | |  0.9
Staves         | |  0.9
Slings         | |  0.9
Bows           | |  0.9
Crossbows      | |  0.9
Throwing       | |  0.9
Armour         | |  2.6
Dodging        | |  4.5
Stealth        | |  0.9
Shields        | |  0.9
Unarmed Combat | |  0.9
Conjurations   | |  0.6
Hexes          | |  0.6
Charms         | |  5.4
Summonings     | |  0.6
Necromancy     | |  0.6
Translocations | |  0.6
Transmutations | |  0.6
Fire Magic     | |  0.6
Ice Magic      | |  0.6
Air Magic      | |  0.6
Earth Magic    | |  0.6
Poison Magic   | |  0.6
Evocations     | |  0.9

Action                   || total
-------------------------++-------
Melee: Falchion          ||    58
       Bite              ||    10
 Cast: Infusion          ||     1
  Use: Potion            ||     1
 Stab: Sleeping          ||     2
Armor: Leather armour    ||    22
Dodge: Dodged            ||    69
       Rpst.: Falchion   ||    23
